 Dungeon Crawl Stone Soup version 0.26-a0-264-g3a471323bd (webtiles) character file.

Game seed: 17977876817778637887

103 BritishOli the Covered (level 4, -10/35 HPs)
             Began as a Demonspawn Fighter on July 11, 2020.
             Killed by divine providence
             ... invoked by an orc priest
              (14 damage)
             ... on level 3 of the Dungeon.
             The game lasted 00:01:40 (2305 turns).

BritishOli the Covered (Demonspawn Fighter)         Turns: 2305, Time: 00:01:41

Health: -10/35     AC:  6    Str: 17    XL:     4   Next: 51%
Magic:  4/4        EV:  7    Int: 10    God:
Gold:   170        SH:  9    Dex: 12    Spells: 3/3 levels left

rFire    . . .     SeeInvis .   a - +0 long sword
rCold    . . .     Faith    .   c - +0 kite shield
rNeg     . . .     Spirit   .   b - +0 scale mail
rPois    .         Reflect  .   (helmet restricted)
rElec    .         Harm     .   (no cloak)
rCorr    .                      (no gloves)
MR       .....                  (no boots)
Stlth    ..........             (no amulet)
HPRegen  0.11/turn              (no ring)
MPRegen  0.09/turn              (no ring)

@: no status effects
A: antennae 1
a: no special abilities


You were on level 3 of the Dungeon.
You were not hungry.

You visited 1 branch of the dungeon, and saw 3 of its levels.

You collected 170 gold pieces.

Inventory:

Hand Weapons
 a - a +0 long sword (weapon)
Armour
 b - a +0 scale mail (worn)
 c - a +0 kite shield (worn)
Scrolls
 e - 3 scrolls of identify {unknown}
 g - 2 scrolls of fog {unknown}
 h - 2 scrolls of immolation {unknown}
 n - a scroll of blinking {unknown}
Potions
 d - a potion of might
 i - a potion of invisibility {unknown}
 j - 3 potions of flight {unknown}
 k - a potion of ambrosia {unknown}
 l - a potion of heal wounds {unknown}
 m - a potion of lignification {unknown}
Comestibles
 f - 10 rations


   Skills:
 + Level 3.4 Fighting
 * Level 2.9 Long Blades
 * Level 3.5 Armour
 + Level 3.1 Shields


You had 3 spell levels left.
You didn't know any spells.
Your spell library was empty.

Dungeon Overview and Level Annotations

Branches:
Dungeon (3/15)

Altars:

Annotations:
D:2 Sigmund


Innate Abilities, Weirdness & Mutations

You have a pair of small antennae on your head.


Message History

Things that are here:
a +0 war axe; an orc corpse Your shield and scale mail prevent you from hitting the orc priest.
The orc priest hits you but does no damage.
You barely miss the orc priest.
The orc wizard gestures wildly while chanting.
The orc wizard blinks!
You block the orc priest's attack.
The orc wizard hits you with a +0 dagger.
* * * LOW HITPOINT WARNING * * *
The orc priest barely misses you.
You closely miss the orc priest.
The orc wizard gestures at you while chanting.
The magic dart hits you but does no damage.
The orc priest hits you but does no damage.
You block the orc priest's attack.
The orc wizard mumbles some strange words.
The orc wizard seems to speed up.
The orc priest invokes the aid of Beogh against you.
Beogh smites you!
You die...

##.####.#.#### ##.. #.#
##.## ##.## ##.# #...#
#### .. ...# #...# #.. .#
# .### #.†.# #.# .. ..
.#######...######.####.#.#
....>..........#..........
........>.......@..#...#
.##............#..o#...#
.# .####...######.#o.$.#
###.# #...# #.#...## ....#
#...# ......... #####
#...# #..........# # ##.#
#.##.#....## # #. #....#.#
# #. #.##.#..#


You could see an orc priest and an orc wizard (fast).

Vanquished Creatures
  6 adders
  2 oozes
  A dart slug (D:2)
  A leopard gecko (D:2)
  An orc (D:3)
  3 giant cockroaches (D:1)
  4 goblins
  7 hobgoblins
  4 bats
  4 frilled lizards
  4 kobolds (D:1)
  3 rats (D:1)
40 creatures vanquished.

Notes
Turn   | Place    | Note
-------+----------+-------------------------------------------
     0 | D:1      | BritishOli the Demonspawn Fighter began the quest for the
                  | Orb.
     0 | D:1      | Reached XP level 1. HP: 18/18 MP: 1/1
   201 | D:1      | Gained mutation: You have a pair of small antennae on your
                  | head. [demonic ancestry]
   201 | D:1      | Reached XP level 2. HP: 23/24 MP: 2/2
   659 | D:1      | Reached XP level 3. HP: 29/29 MP: 3/3
  1327 | D:2      | Reached XP level 4. HP: 28/35 MP: 4/4
  1518 | D:2      | Noticed Sigmund
  2305 | D:3      | Killed from afar by an orc priest

Illustrated notes

Levels and vault maps discovered:
D:1:      minmay_arrival_three_doors, layout_basic
D:2:      layout_loops_ring, first_ration, uniq_sigmund
D:3:      minmay_chambers_of_threes, layout_loops_cross,
          minmay_increasing_density

Skill      XL: |  1  2  3 |
---------------+----------+-----
Long Blades    | 2 |  2.9
Armour         | 3 |  3.5
Shields        | 3 |  3.1
Fighting       | |  3.4

Action                   |  1- 3 |  4- 6 || total
-------------------------+-------+-------++-------
Melee: Long sword        |   103 |    45 ||   148
  Eat: Ration            |     1 |     1 ||     2
Armor: Scale mail        |    54 |    16 ||    70
Dodge: Dodged            |    34 |    16 ||    50
Block: Kite shield       |    56 |    24 ||    80
       Rpst.: Long sword |    11 |     2 ||    13

Table legend:
 A = Non-vault XP
 B = Vault XP
 C = Vault XP percentage of total XP
 D = Non-vault monster count
 E = Vault monster count
 F = Vault count percentage of total count
                 A         B        C        D         E       F
            +---------+---------+-------+---------+---------+-------
      Total |     148 |       0 |   0.0 |      40 |       0 |   0.0
            +---------+---------+-------+---------+---------+-------
        D:1 |      43 |       0 |   0.0 |      24 |       0 |   0.0
        D:2 |      72 |       0 |   0.0 |      11 |       0 |   0.0
        D:3 |      33 |       0 |   0.0 |       5 |       0 |   0.0
            +---------+---------+-------+---------+---------+-------
